cohdb
Replays
Latest Replays
All Replays
Popular Replays
Top Player Replays
Match Explorer
How It Works
Community
CoH3 Stats
Reddit
Sign in to upload your games and track your stats! →
Sign in with Steam
Match 41946901
Unlisted
Match 41946901
Overview
Messages
Build Orders
End
Panzergrenadier Squad
Selects Battlefield Espionage Battlegroup
Selects Sector Subterfuge Beacon
Panzergrenadier Squad
250 Light Carrier
Panzergrenadier Squad
Construct Light Support Kompanie
Fire Support Elements
le.IG 18 Support Gun Team
Panzerjäger Mechanized Group
Selects Plunder
MG34 Team
Construct Panzerarmee Kommand
2.5-tonne Medical Truck
Panzer III L Medium Tank
Selects Firestorm
Walking Stuka Rocket Launcher
Armored Reserves
Tiger Heavy Tank
Panzerjäger Squad
2.5-tonne Medical Truck
Selects 250/3 Funkpanzerwagen
Selects Advanced Ambush Training
Selects Operation Skorpion
Pak 38 Anti-tank Gun Team
Pak 38 Anti-tank Gun Team
250/3 Funkpanzerwagen
Panzergrenadier Squad
Construct Mechanized Kompanie
Panzergrenadier Squad
Veteran Squad Leaders
Firestorm
VoidWanderer
Vedmed
Guru
Karl Müller
0
0
Comments
sign in to comment!
No comments posted yet!